 Dungeon Crawl Stone Soup version 0.20-a0-971-g5896763 (webtiles) character file.

2572 Dipster the Covert (level 9, -4/51 HPs)
             Began as a Vine Stalker Assassin on Apr 8, 2017.
             Was a Believer of Uskayaw.
             Slain by a two-headed ogre
             ... wielding a +0 giant club
              (18 damage)
             ... on level 8 of the Dungeon.
             The game lasted 00:14:32 (6273 turns).

Dipster the Covert (Vine Stalker Assassin)          Turns: 6273, Time: 00:14:32

Health: -4/51      AC:  9    Str: 14    XL:     9   Next: 57%
Magic:  0/6        EV: 11    Int: 14    God:    Uskayaw [**....]
Gold:   119        SH: 10    Dex: 19    Spells: 8/8 levels left

rFire    + . .     SeeInvis +   I - +5 trident "Cugeogin" {antimagic, rPois}
rCold    x . .     Gourm    .   j - +2 buckler of Icupn {+Fly rF+ rC- Int+3}
rNeg     . . .     Faith    .   z - +0 ring mail
rPois    +         Spirit   +   (no helmet)
rElec    .         Reflect  .   y - +2 cloak
rCorr    .         Harm     .   l - +0 pair of gloves
MR       +....                  (no boots)
Stlth    ++++......             C - amulet of magic regeneration
Regen    0.6/turn               t - ring of see invisible
MPRegen  0.2/turn               A - ring of magical power

@: no status effects
A: fangs 3, large bone plates 1, regeneration 1, robust 1, magic shield,
antimagic bite, no potion heal 3, rot immunity, subdued magic 1
a: Stomp, Line Pass, Renounce Religion, Evoke Flight


You were on level 8 of the Dungeon.
You worshipped Uskayaw.
Uskayaw was noncommittal.
You were not hungry.

You visited 2 branches of the dungeon, and saw 9 of its levels.

You collected 374 gold pieces.
You spent 255 gold pieces at shops.

Inventory:

Hand Weapons
 a - a +2 dagger
 b - a +0 blowgun
 x - a +0 rapier
 B - a +0 long sword
 H - a +0 arbalest
 I - the +5 trident "Cugeogin" (weapon) {antimagic, rPois}
   (You bought it in a shop on level 7 of the Dungeon)

   It reduces the magical energy of the wielder, and disrupts the spells and
   magical abilities of those hit.
   Natural abilities and divine invocations are not affected.
   It protects you from poison.
Missiles
 e - 22 poisoned needles
 f - 2 curare-tipped needles
 i - 3 javelins
 s - 2 needles of paralysis
 E - 9 tomahawks (quivered)
 G - 4 tomahawks of dispersal
Armour
 c - a +0 robe
 d - a +0 cloak
 j - the +2 buckler of Icupn (worn) {+Fly rF+ rC- Int+3}
   (You found it on level 6 of the Dungeon)

   It affects your intelligence (+3).
   It protects you from fire.
   It makes you vulnerable to cold.
   It lets you fly.
 l - a +0 pair of gloves (worn)
 y - a +2 cloak (worn)
 z - a +0 ring mail (worn)
Jewellery
 t - a ring of see invisible (left hand)
 A - a ring of magical power (right hand)
 C - an amulet of magic regeneration (around neck)
 O - a +5 ring of strength {unknown}
 R - an uncursed ring of fire {unknown}
 S - an uncursed ring of protection from magic {unknown}
Wands
 M - a wand of paralysis (6/24)
Scrolls
 m - a scroll of random uselessness
 n - 2 scrolls of magic mapping
 o - 2 scrolls of enchant armour {unknown}
 q - a scroll of immolation
 r - 3 scrolls of remove curse
 u - a scroll of recharging {unknown}
 F - 2 scrolls of amnesia
 L - a scroll of vulnerability
 N - a scroll of teleportation
 P - 2 scrolls of identify
 Q - a scroll of enchant weapon {unknown}
 T - a scroll of fear {unknown}
Potions
 h - 2 potions of mutation
 p - a potion of brilliance
 w - a potion of flight
 D - a potion of might
 K - a potion of lignification
Books
 U - a book of Geomancy

   Spells                             Type                      Level
   a - Sandblast                      Earth                        1
   b - Passwall                       Transmutation/Earth          2
   c - Stone Arrow                    Conjuration/Earth            3
   d - Petrify                        Transmutation/Earth          4
   e - Lee's Rapid Deconstruction     Earth                        5
Comestibles
 g - 3 bread rations
 k - 3 fruits
 v - 4 royal jellies
 J - a meat ration


   Skills:
 - Level 5.1 Fighting
 - Level 7.3 Short Blades
 * Level 1.7 Polearms
 - Level 1.7 Throwing
 + Level 1.2 Armour
 * Level 2.0 Dodging
 - Level 11.0 Stealth


You had 8 spell levels left.
You didn't know any spells.

Dungeon Overview and Level Annotations

Branches:
Dungeon (8/15)             Temple (1/1) D:7
   Lair: D:8-11

Altars:
Ashenzari
Dithmenos
Elyvilon
Gozag
Kikubaaqudgha
Makhleb
Nemelex Xobeh
Okawaru
Qazlal
Ru
Sif Muna
Trog
Uskayaw
Vehumet
Wu Jian
Xom
Yredelemnul
Zin
The Shining One

Shops:
D:7 (

Annotations:
D:3 Grinder


Innate Abilities, Weirdness & Mutations

You have razor-sharp teeth.
Your natural rate of healing is unusually fast.
When hurt, damage is shared between your health and your magic reserves.
Your bite disrupts and absorbs the magic of your enemies.
Potions cannot restore your health.
You are immune to rotting.
You are partially covered in large bone plates. (SH +4)
You are robust. (+10% HP)
Your spells are a little easier to cast, but a little less powerful.


Message History

You block the two-headed ogre's attack.
The two-headed ogre hits you with a giant spiked club.
You hit the two-headed ogre.
The two-headed ogre is heavily wounded.
You block the two-headed ogre's attack. x2
You can now pass through a line of other dancers.
You puncture the two-headed ogre!
The two-headed ogre is heavily wounded.
The two-headed ogre hits you with a giant club.
The two-headed ogre hits you with a giant spiked club!!
You are too injured to fight recklessly!
You are too injured to fight recklessly!
You are too injured to fight recklessly!
You puncture the two-headed ogre! You bite the two-headed ogre.
You drain its power.
You feel invigorated.
The two-headed ogre is severely wounded.
The two-headed ogre hits you with a giant club!
* * * LOW HITPOINT WARNING * * *
The two-headed ogre hits you with a giant spiked club!!
You die...

# .. ..# .
#.###.#
######....
#...?...###
#...O...#.##+
#...@........
#.......#...
#.......#
#######.# #.#
###
#.###########'#
#..............
######.........
#.........


You could see a two-headed ogre.

Vanquished Creatures
  A two-headed ogre (D:6)
  A hornet (D:8)
  Sigmund (D:2)
  Eustachio (D:5)
  Duvessa (D:4)
  A black bear (D:7)
  A phantom (D:6)
  A sky beast (D:7)
  2 ogres (D:7)
  2 bullfrogs
  Dowan (D:4)
  A scorpion (D:6)
  A howler monkey (D:4)
  3 quasits
  A jelly (D:6)
  An orc wizard (D:5)
  A gnoll shaman (D:3)
  2 iguanas
  2 worker ants
  A hound skeleton (D:8)
  4 adders
  12 gnolls
  2 shadow imps
  2 oozes
  2 adder skeletons (D:4)
  4 worms
  7 leopard geckos
  17 orcs
  3 bats (D:2)
  5 giant cockroaches
  4 goblins
  8 hobgoblins
  17 jackals
  A quokka (D:6)
  2 ball pythons (D:2)
  4 frilled lizards
  A goblin zombie (D:6)
  A hobgoblin zombie (D:6)
  A jackal skeleton (D:6)
  A jackal zombie (D:5)
  9 kobolds
  A kobold zombie (D:6)
  A leopard gecko zombie (D:7)
  4 orc skeletons (D:6)
  4 orc zombies (D:6)
  2 rats (D:3)
145 creatures vanquished.

Notes
Turn   | Place    | Note
-------+----------+-------------------------------------------
     0 | D:1      | Dipster the Vine Stalker Assassin began the quest for the Orb.
     0 | D:1      | Reached XP level 1. HP: 11/11 MP: 2/2
   119 | D:1      | Reached skill level 5 in Stealth
   119 | D:1      | Reached XP level 2. HP: 11/15 MP: 3/3
   770 | D:2      | Reached XP level 3. HP: 18/18 MP: 4/4
  1185 | D:2      | Noticed Sigmund
  1203 | D:2      | Gained mutation: You are partially covered in large bone plates. (SH +4) [potion of mutation]
  1203 | D:2      | Gained mutation: Your spells are a little easier to cast, but a little less powerful. [potion of mutation]
  1203 | D:2      | Gained mutation: You are robust. (+10% HP) [potion of mutation]
  1204 | D:2      | Killed Sigmund
  1204 | D:2      | Reached skill level 6 in Stealth
  1204 | D:2      | Gained mutation: Your natural rate of healing is unusually fast. [Vine Stalker growth]
  1204 | D:2      | Reached XP level 4. HP: 6/25 MP: 5/5
  1204 | D:2      | Reached XP level 5. HP: 7/30 MP: 6/6
  2113 | D:3      | Noticed Grinder
  2137 | D:3      | Paralysed by Grinder for 6 turns
  2509 | D:3      | Reached XP level 6. HP: 31/35 MP: 7/7
  2715 | D:3      | Found a burning altar of Makhleb.
  2916 | D:3      | Reached skill level 7 in Stealth
  3703 | D:3      | Found a basalt altar of Yredelemnul.
  3744 | D:4      | Reached XP level 7. HP: 26/39 MP: 5/8
  3778 | D:5      | Entered Level 5 of the Dungeon
  3778 | D:5      | Noticed Duvessa
  3780 | D:5      | Noticed Dowan
  3822 | D:4      | Killed Duvessa
  3828 | D:4      | Killed Dowan
  3828 | D:4      | Reached skill level 8 in Stealth
  3924 | D:5      | Noticed Eustachio
  3961 | D:5      | Killed Eustachio
  3961 | D:5      | Reached skill level 5 in Short Blades
  4269 | D:5      | You fall through a shaft for 2 floors!
  4282 | D:7      | Reached skill level 9 in Stealth
  4282 | D:7      | Gained mutation: You have razor-sharp teeth. [Vine Stalker growth]
  4282 | D:7      | Reached XP level 8. HP: 25/46 MP: 5/9
  4322 | D:7      | Found Hocheerch's Antique Weapon Shop.
  4332 | D:7      | Bought a bloodstained trident for 255 gold pieces
  4332 | D:7      | Identified the +5 trident "Cugeogin" {antimagic, rPois} (You bought it in a shop on level 7 of the Dungeon)
  4354 | D:7      | Found a sparkling altar of Nemelex Xobeh.
  4356 | D:7      | Noticed a two-headed ogre
  4562 | D:6      | Got an ancient buckler
  4568 | D:6      | Identified the +2 buckler of Icupn {+Fly rF+ rC- Int+3} (You found it on level 6 of the Dungeon)
  4712 | D:6      | Killed a two-headed ogre
  4712 | D:6      | Reached skill level 10 in Stealth
  4760 | D:6      | Reached XP level 9. HP: 40/50 MP: 6/10
  5005 | D:6      | Found a glowing golden altar of the Shining One.
  5330 | D:7      | Reached skill level 5 in Fighting
  5448 | D:7      | Found an ancient bone altar of Kikubaaqudgha.
  5528 | D:7      | Reached skill level 11 in Stealth
  5562 | D:7      | Found a staircase to the Ecumenical Temple.
  5574 | Temple   | Entered the Ecumenical Temple
  5678 | Temple   | Became a worshipper of Uskayaw the Reveler
  5700 | D:7      | Reached * piety under Uskayaw
  5703 | D:7      | Reached skill level 1 in Dodging
  5915 | D:8      | Noticed a hornet
  5924 | D:8      | Reached ** piety under Uskayaw
  5925 | D:8      | Reached *** piety under Uskayaw
  5926 | D:8      | Killed a hornet
  5926 | D:8      | Reached skill level 1 in Polearms
  5997 | D:8      | Reached skill level 1 in Armour
  6192 | D:8      | Found a deep blue altar of Sif Muna.
  6264 | D:8      | Noticed a two-headed ogre
  6273 | D:8      | Slain by a two-headed ogre

Vault maps used:
D:1:      wheals_arrival_linesprint
D:2:      first_bread, uniq_sigmund
D:3:      nicolae_overflow_hidden_temple, uniq_grinder
D:5:      lemuel_crystal_altar, uniq_duvessa, uniq_eustachio
D:6:      nicolae_tso_besieged_by_evil, minmay_unpleasant_kobolds
D:7:      lemuel_crystal_altar, kennysheep_mini, minmay_temple_entry_junction,
          serial_shops, shop_statue, serial_glass, glass_columns_b,
          glass_columns_a, glass_columns_b, glass_columns_a
D:8:      gammafunk_temple_overflow_wave, grunt_livestock, led_sif_book
Temple:   nicolae_temple_great_sept

Skill      XL: |  1  2  3  4  5  6  7  8  9 |
---------------+----------------------------+-----
Short Blades   | 2 3 4 5 6 7 |  7.3
Stealth        | 5 6 7 9 10 11 | 11.0
Fighting       | 2 3 4 5 |  5.1
Dodging        | 2 |  2.0
Polearms       | 1 |  1.7
Armour         | 1 |  1.2
Throwing       | |  1.7

Action                   |  1- 3 |  4- 6 |  7- 9 || total
-------------------------+-------+-------+-------++-------
Melee: Dagger            |    57 |    11 |       ||    68
       Bite              |    16 |    53 |    78 ||   147
       Rapier            |       |   164 |   106 ||   270
       Trident           |       |       |   166 ||   166
Throw: Tomahawk          |       |       |     9 ||     9
Evoke: Wand              |       |       |     2 ||     2
  Use: Potion            |     1 |     7 |     4 ||    12
       Scroll            |       |     2 |     8 ||    10
 Stab: Sleeping          |     6 |     9 |     9 ||    24
       Distracted        |       |       |     2 ||     2
       Paralysed         |       |       |     1 ||     1
  Eat: Bread ration      |       |     1 |       ||     1
       Chunk             |       |     4 |     9 ||    13
Armor: Robe              |     5 |     1 |       ||     6
       Ring mail         |       |    56 |    80 ||   136
       Skin              |       |    12 |       ||    12
Dodge: Dodged            |    20 |    85 |    81 ||   186
Block: Other             |       |    18 |    21 ||    39
       Buckler           |       |       |    63 ||    63
